 Dungeon Crawl Stone Soup version 0.30-a0-726-gd89dcf765f (webtiles) character file.

Game seed: 14009161615431358073

26488 themarg the Fighter (level 12, -9/98 HPs)
             Began as a Mummy Cinder Acolyte on Jan 30, 2023.
             Was a Priest of Ignis.
             Mangled by a death yak (22 damage)
             ... on level 3 of the Lair of Beasts.
             The game lasted 00:55:53 (17829 turns).

themarg the Fighter (Mummy Cinder Acolyte)         Turns: 17829, Time: 00:55:54

Health: -9/98      AC: 10    Str: 17    XL:     12   Next: 98%
Magic:  15/33      EV: 12    Int: 17    God:    Ignis [***...]
Gold:   629        SH:  0    Dex: 12    Spells: 13/27 levels left

rFire   . . .      SeeInvis .    a - +8 dagger of the Doomed Warrior {elec, Fragile Fly rCorr Dex+3}
rCold   + . .      Faith    +    (no shield)
rNeg    + + +      Spirit   .    H - +1 ring mail of Parts Unknown {Rampage Regen+ rCorr Slay-4}
rPois   ∞          Reflect  .    p - +0 helmet
rElec   .          Harm     .    (no cloak)
rCorr   +          Rampage  +    (no gloves)
Will    +....                    t - +2 pair of boots
Stlth   +                        x - amulet of magic regeneration
HPRegen 1.16/turn                m - ring of magical power
MPRegen 0.63/turn                A - ring of wizardry

@: flying
A: cold resistance 1, negative energy resistance 3, torment resistance 2, heat
vulnerability 1, in touch with death 1, no potions, faith
a: Renounce Religion, Fiery Armour, Foxfire Swarm, Rising Flame


You were on level 3 of the Lair of Beasts.
You worshipped Ignis.
Ignis was most pleased with you.
You visited 3 branches of the dungeon, and saw 18 of its levels.

You collected 764 gold pieces.
You spent 135 gold pieces at shops.

Inventory:

Hand Weapons
 a - the +8 dagger of the Doomed Warrior (weapon) {elec, Fragile Fly rCorr Dex+3}
   (You found it on level 1 of the Lair of Beasts)

   Dex:       It affects your dexterity (+3).
   Fly:       It grants you flight.
   rCorr:     It protects you from acid and corrosion.
   Fragile:   It will be destroyed if unequipped.
 F - the +4 scimitar of Subterfuge {flame, Fragile rC+ Will+ Str+3}
   (You found it on level 1 of the Lair of Beasts)

   Str:       It affects your strength (+3).
   rC:        It protects you from cold.
   Fragile:   It will be destroyed if unequipped.
   Will:      It increases your willpower.
 G - the +6 trident of Defiance {flame, Will+ Int-4 Dex+3}
   (You found it on level 12 of the Dungeon)

   Int:       It affects your intelligence (-4).
   Dex:       It affects your dexterity (+3).
   Will:      It increases your willpower.
 J - a +4 dagger
 O - the +11 war axe of Vaeceume {freeze, rPois Int+3 Dex+2}
   (You found it on level 3 of the Lair of Beasts)

   Int:       It affects your intelligence (+3).
   Dex:       It affects your dexterity (+2).
   rPois:     It protects you from poison.
Missiles
 b - 2 javelins
 c - 132 stones
 h - 6 boomerangs
 i - a silver boomerang
 w - 13 poisoned darts (quivered)
 C - 6 atropa-tipped darts
Armour
 p - a +0 helmet (worn)
 t - a +2 pair of boots (worn)
 H - the +1 ring mail of Parts Unknown (worn) {Rampage Regen+ rCorr Slay-4}
   (You bought it in a shop on level 6 of the Dungeon)

   Slay:      It affects your accuracy & damage with ranged weapons and melee
   (-4).
   Regen:     It increases your rate of health regeneration.
   rCorr:     It protects you from acid and corrosion.
   Rampage:   It bestows one free step when moving towards enemies.
Magical Staves
 u - a staff of fire
 K - a staff of conjuration
Jewellery
 m - a ring of magical power (left hand)
 o - an amulet of guardian spirit
 x - an amulet of magic regeneration (around neck)
 y - a +4 ring of slaying
 A - a ring of wizardry (right hand)
Wands
 j - a wand of paralysis (13)
 s - a wand of acid (7)
 v - a wand of flame (14)
 z - a wand of roots (9)
 I - a wand of polymorph (5)
Scrolls
 d - 4 scrolls of enchant weapon
 e - 3 scrolls of fear
 f - a scroll of butterflies
 g - 12 scrolls of teleportation
 k - 2 scrolls of amnesia
 l - 3 scrolls of fog
 n - 3 scrolls of poison
 q - a scroll of brand weapon
 r - 2 scrolls of immolation
 B - 3 scrolls of vulnerability
 D - a scroll of blinking
 E - a scroll of torment {unknown}
 L - a scroll of magic mapping {unknown}
 M - 3 scrolls of identify
Miscellaneous
 N - a box of beasts (inert)
 P - a condenser vane (inert)


   Skills:
 + Level 10.5 Fighting
 - Level 2.4 Short Blades
 - Level 2.0 Throwing
 - Level 5.0 Dodging
 - Level 3.0 Stealth
 - Level 8.0 Spellcasting
 - Level 10.0 Summonings
 - Level 7.0 Fire Magic
 - Level 4.0 Ice Magic
 - Level 5.0 Poison Magic
 - Level 5.0 Evocations


You had 13 spell levels left.
You knew the following spells:

 Your Spells              Type           Power      Damage    Failure   Level
a - Scorch                Fire           60%        2d8       1%          2
b - Apportation           Tloc           12%        N/A       8%          1
c - Summon Ice Beast      Ice/Summ       30%        N/A       4%          4
d - Olgreb's Toxic Radia  Pois           23%        N/A       10%         4
e - Call Canine Familiar  Summ           40%        N/A       1%          3

Your spell library contained the following spells:

 Spells                   Type           Power      Damage    Failure   Level
 Summon Small Mammal      Summ           100%       N/A       1%          1
 Sting                    Tmut/Pois      60%        1d6       2%          1
 Summon Guardian Golem    Hex/Summ       23%        N/A       3%          3
 Poisonous Vapours        Pois/Air       30%        N/A       4%          2
 Frozen Ramparts          Ice            40%        1d7       4%          3
 Ozocubu's Armour         Ice            20%        N/A       4%          3
 Shock                    Conj/Air       24%        1d4       8%          1
 Lesser Beckoning         Tloc           12%        N/A       12%         2
 Searing Ray              Conj           12%        2d4       12%         2
 Dazzling Flash           Conj/Hex       12%        N/A       22%         3
 Gell's Gravitas          Tloc           6%         N/A       22%         3
 Teleport Other           Tloc           6%         N/A       22%         3
 Alistair's Intoxication  Tmut/Pois      10%        N/A       56%         5
 Summon Hydra             Summ           20%        N/A       69%         7
 Ozocubu's Refrigeration  Ice            10%        4d9       100%        7
 Sublimation of Blood     Necr           Unusable   N/A       N/A         2
 Wereblood                Tmut           Unusable   N/A       N/A         2
 Ice Form                 Ice/Tmut       Unusable   N/A       N/A         4
 Storm Form               Tmut/Air       Unusable   N/A       N/A         7

Dungeon Overview and Level Annotations

Branches:
Dungeon (13/15)            Temple (1/1) D:6            Lair (4/5) D:10
  Swamp (0/4) Lair:2       Spider (0/4) Lair:3
  Slime: Lair:4-5       Orc: D:9-12      Vaults: D:13-14

Altars:
Ashenzari
Cheibriados
Dithmenos
Fedhas
Gozag
Hepliaklqana
Kikubaaqudgha
Makhleb
Nemelex Xobeh
Okawaru
Qazlal
Ru
Sif Muna
Trog
Uskayaw
Vehumet
Wu Jian
Xom
Yredelemnul

Shops:
D:3 (   D:5 *   D:6 ![

Portals:
Trove: D:11 (lose all piety)

Annotations:
D:11 3 runed translucent doors, Archu's ghost, journeyman HOWr
Lair:2 1 exclusion


Innate Abilities, Weirdness & Mutations

You are immune to poison.
Your flesh is cold resistant. (rC+)
You are immune to negative energy. (rN+++)
You are immune to unholy pain and torment.
You are vulnerable to heat. (rF-)
You are in touch with the powers of death.
You do not drink.
You have a special connection with the divine. (Faith)


Message History

You miscast Olgreb's Toxic Radiance.
You are very lightly contaminated with residual magic.
Nothing appears to happen.
You begin to radiate toxic energy.
The death yak is poisoned.
The death yak gores you!!
A death yak comes into view.
The death yak is poisoned.
The death yak barely misses you.
You fly upwards.
The death yak looks even sicker.
Your toxic aura wanes.
There is a stone staircase leading down here.
Flames lash the death yak.
The death yak is moderately wounded.
The death yak's fire resistance burns away.
The death yak gores you but does no damage.
Flames lash the death yak.
The death yak is burned terribly!
The death yak is moderately wounded.
The death yak gores you!!
Flames lash the death yak.
The death yak is burned terribly!
The death yak is heavily wounded.
The death yak gores you but does no damage.
Flames lash the death yak.
The death yak is burned terribly!
The death yak is severely wounded.
The death yak gores you!
Your magical contamination has completely faded away.
Flames lash the death yak but do no damage.
The death yak gores you!
Flames lash the death yak.
The death yak is burned terribly!
The death yak is severely wounded.
The death yak gores you.
Flames lash the death yak.
The death yak is burned terribly!
The death yak is severely wounded.
The death yak gores you!
Flames lash the death yak.
The death yak is burned terribly!
The death yak is almost dead.
The death yak gores you!!
* * * LOW HITPOINT WARNING * * *
Flames lash the death yak.
The death yak is burned terribly!
The death yak is almost dead.
The death yak gores you!!
You die...

##.## #####'#.....# ####.. #..#
##.P....## #.## ##.## #P...#.##
#### ##..# ##....## # ### #..##
#....+.## # #.####..####
##......# ### ## #.#P#....#.##
#......###.# ##. #.........#.#
#Y.....##.## #..
#..........#####@.......#.#####<.
#.............##......#.......'..
#...P......##.........###.#.###..
#####P.########........###### ###
#### ######..## # ####


You could see a death yak (poisoned, combustible).

Vanquished Creatures
  3 hydras
  A two-headed ogre (D:11)
  A moth of wrath (D:3)
  11 elephants
  Joseph (D:8)
  5 cane toads
  5 komodo dragons
  An unseen horror (D:10)
  A polar bear (Lair:4)
  2 guardian mummies (D:11)
  6 blink frogs
  A hornet (D:11)
  2 dream sheep (Lair:3)
  Sigmund (D:5)
  A jumping spider (Lair:3)
  2 shadows
  A vampire (D:11)
  A basilisk (D:12)
  27 yaks
  A wraith (D:11)
  2 wyverns
  4 vampire mosquitoes
  A redback (Lair:3)
  2 steam dragons
  8 water moccasins
  2 acid dragons
  A black bear (D:6)
  2 ice beasts
  2 orc warriors
  2 sky beasts (D:7)
  An ogre (D:5)
  A phantom (D:5)
  3 centaurs
  7 bullfrogs
  2 scorpions
  4 wights (D:9)
  8 killer bees
  3 howler monkeys
  2 jellies
  13 orc priests
  Ijyb (D:5)
  An iguana (D:7)
  7 orc wizards
  Robin (D:3)
  3 gnolls (D:5)
  3 adders
  A shadow imp (D:8)
  A white imp (D:6)
  2 ufetubi
  4 worms
  A dart slug (D:1)
  29 orcs
  4 bats
  3 endoplasms
  9 giant cockroaches
  16 goblins
  8 hobgoblins
  8 jackals
  3 kobolds
  2 quokkas
  4 ball pythons
  4 frilled lizards
  8 rats
267 creatures vanquished.

Vanquished Creatures (collateral kills)
  A hydra (Lair:2)
  A death yak (Lair:3)
  2 cane toads (Lair:2)
  A troll (D:11)
  A jumping spider (Lair:3)
  9 yaks
  A basilisk (Lair:3)
  A vampire mosquito (D:11)
  A nameless horror (Lair:2)
  A kobold brigand (D:11)
  A bullfrog (D:9)
  A wight (D:9)
  2 kobolds (D:11)
23 creatures vanquished.

Vanquished Creatures (others)
  An unseen horror (D:11)
  9 fungi
  21 plants
31 creatures vanquished.

Grand Total: 321 creatures vanquished

Notes
Turn   | Place    | Note
-------+----------+-------------------------------------------
     0 | D:1      | themarg the Mummy Cinder Acolyte began the quest for the
                  | Orb.
     0 | D:1      | Reached XP level 1. HP: 18/18 MP: 2/2
   208 | D:1      | Reached XP level 2. HP: 24/24 MP: 4/4
   211 | D:1      | Learned a level 2 spell: Scorch
   406 | D:1      | Found a faded altar of an unknown god.
   527 | D:1      | Reached skill level 1 in Stealth
   892 | D:1      | Gained mutation: You are in touch with the powers of death.
                  | [Mummy growth]
   892 | D:1      | Reached XP level 3. HP: 29/29 MP: 1/6
  1760 | D:2      | Reached XP level 4. HP: 35/35 MP: 0/7
  2829 | D:2      | Reached XP level 5. HP: 13/41 MP: 3/9
  3003 | D:3      | Noticed Robin
  3021 | D:3      | Killed Robin
  3246 | D:3      | Found a burning altar of Makhleb.
  3446 | D:3      | Noticed a moth of wrath
  3449 | D:3      | Found a bloodstained altar of Trog.
  3633 | D:3      | Found Sogruss's Weapon Boutique.
  3670 | D:3      | Killed a moth of wrath
  3671 | D:3      | Reached XP level 6. HP: 47/47 MP: 8/10
  3671 | D:3      | Reached XP level 7. HP: 52/52 MP: 8/11
  4619 | D:4      | Got Qenixan's Parchment of Blasting and Variation
  4917 | D:5      | Entered Level 5 of the Dungeon
  4974 | D:5      | Noticed Ijyb
  4978 | D:5      | Killed Ijyb
  5023 | D:5      | Found a broken altar of Ashenzari.
  5070 | D:5      | Noticed Sigmund
  5094 | D:5      | Killed Sigmund
  5095 | D:5      | Reached skill level 5 in Fighting
  5304 | D:5      | Found Zin's Purification Station.
  5461 | D:5      | Reached XP level 8. HP: 62/62 MP: 12/12
  5861 | D:5      | Reached skill level 5 in Spellcasting
  6379 | D:5      | Found a sparkling altar of Nemelex Xobeh.
  6811 | D:6      | Reached skill level 1 in Throwing
  6811 | D:6      | Reached skill level 1 in Evocations
  6838 | D:6      | Found Towemocs's Distillery.
  7076 | D:6      | Found Adihuna's Armour Shop.
  7167 | D:6      | Reached XP level 9. HP: 61/68 MP: 13/18
  7308 | D:6      | Found a blossoming altar of Fedhas.
  7350 | D:6      | Found a staircase to the Ecumenical Temple.
  7355 | Temple   | Entered the Ecumenical Temple
  7580 | D:6      | Found a stormy altar of Qazlal.
  7739 | D:6      | Found an ornate altar of the Wu Jian Council.
  7840 | D:7      | Found a snail-covered altar of Cheibriados.
  8631 | D:7      | Learned a level 1 spell: Apportation
  8835 | D:8      | Noticed Joseph
  9103 | D:8      | Reached skill level 1 in Summonings
  9522 | D:8      | Reached XP level 10. HP: 60/79 MP: 22/22
  9588 | D:8      | Found a shimmering altar of Xom.
  9944 | D:8      | Killed Joseph
 10025 | D:8      | Learned a level 4 spell: Summon Ice Beast
 10321 | D:9      | Found a hide-covered altar of Uskayaw.
 10325 | D:9      | Reached skill level 1 in Ice Magic
 10632 | D:9      | Reached skill level 5 in Summonings
 10880 | D:6      | Bought the +1 ring mail of Parts Unknown {Rampage Regen+
                  | rCorr Slay-4} for 135 gold pieces
 11020 | D:10     | Entered Level 10 of the Dungeon
 11064 | D:10     | You fall into a shaft and drop 3 floors!
 11115 | D:12     | Noticed a two-headed ogre
 11169 | D:12     | Identified the +6 trident of Defiance {flame, Will+ Int-4
                  | Dex+3}
 11709 | D:10     | Found a staircase to the Lair.
 12198 | D:10     | Reached XP level 11. HP: 87/87 MP: 23/23
 12596 | D:11     | Noticed a two-headed ogre
 12603 | D:11     | Killed a two-headed ogre
 12641 | D:11     | Reached skill level 10 in Fighting
 12939 | D:11     | Found a portal to a secret trove of treasure.
 13139 | D:11     | Found a runed translucent gate.
 13139 | D:11     | Found a runed translucent gate.
 13139 | D:11     | Found a runed translucent gate.
 13139 | D:11     | Noticed Archu's ghost (journeyman HOWr)
 13139 | D:11     | Noticed a 12-headed hydra
 13139 | D:11     | Noticed a nine-headed hydra
 13637 | Lair:1   | Entered Level 1 of the Lair of Beasts
 13687 | Lair:1   | Reached skill level 1 in Poison Magic
 13795 | Lair:1   | Identified the +8 dagger of the Doomed Warrior {elec,
                  | Fragile Fly rCorr Dex+3}
 13932 | Lair:1   | Identified the +4 scimitar of Subterfuge {flame, Fragile
                  | rC+ Will+ Str+3}
 14729 | Lair:1   | Learned a level 4 spell: Olgreb's Toxic Radiance
 14747 | Lair:2   | Noticed a seven-headed hydra
 14865 | Lair:2   | Reached skill level 5 in Poison Magic
 15008 | Lair:2   | Killed a seven-headed hydra
 15040 | Lair:2   | Reached XP level 12. HP: 97/97 MP: 20/24
 15174 | Lair:2   | Noticed a seven-headed hydra
 15183 | Lair:2   | Killed a seven-headed hydra
 15261 | Lair:2   | Found a staircase to the Swamp.
 15837 | Lair:2   | Learned a level 3 spell: Call Canine Familiar
 16061 | Lair:3   | Noticed a seven-headed hydra
 16074 | Lair:3   | Killed a seven-headed hydra
 16231 | Lair:3   | Identified the +11 war axe of Vaeceume {freeze, rPois Int+3
                  | Dex+2}
 16262 | Lair:3   | Reached skill level 5 in Dodging
 16605 | Lair:3   | Reached skill level 5 in Evocations
 16740 | Lair:3   | Found a hole to the Spider Nest.
 16814 | Lair:4   | Noticed a four-headed hydra
 16816 | Lair:4   | Noticed a catoblepas
 17394 | Lair:4   | Killed a four-headed hydra
 17493 | Lair:4   | Reached skill level 10 in Summonings
 17711 | Lair:4   | Noticed a death yak
 17770 | Lair:3   | Killed a death yak
 17816 | Lair:4   | Noticed a death yak
 17818 | Lair:4   | Noticed a death yak
 17829 | Lair:3   | Mangled by a death yak

Illustrated notes

Levels and vault maps discovered:
D:1:      shiori_arrival_elements, layout_loops_corners,
          shapermc_ecumenical_altar_mp_ritualfount, minmay_door_square,
          chequers_arboretum, minmay_bisected
D:2:      cheibrodos_pilgrimage, layout_basic, minmay_misc_feat_enclosed
D:3:      layout_rooms, mainiacjoe_overflow_surrounded_room, tgw_trog,
          serial_shops, nicolae_lakefront_shop, uniq_robin
D:4:      layout_basic, hangedman_decor_riveting
D:5:      layout_loops_corners, lemuel_round_altar,
          mainiacjoe_overflow_small_starburst, zin_purify, uniq_sigmund,
          uniq_ijyb
D:6:      layout_loops_cross, mainiacjoe_overflow_alcove_2,
          general_overflow_altar, fedhas_altar_1,
          minmay_temple_entry_glassed_door, serial_shops, shop, shop,
          hangedman_glass_teeth
D:7:      layout_rooms, kennysheep_mini, kennysheep_generic_room_7
D:8:      layout_loops_ring, mainiacjoe_overflow_six_doors_small,
          chequers_serial_rivers_room_a, minmay_misc_feat_square, uniq_joseph
D:9:      layout_basic, mainiacjoe_overflow_cross_hatched, abandoned_shop
D:10:     layout_stronghold, david_lair_shrubbed
D:11:     layout_roguey, serial_curves, eino_curves_04, eino_curves_02,
          eino_curves_03, gammafunk_ghost_hydra_chop,
          nicolae_trove_entry_path_of_doom
D:12:     layout_cave_pods, orc_0_dummy, portal_ice_cave_rime,
          minmay_misc_feat_doors
D:13:     layout_gridville, david_vaults_2, minivault_16
Temple:   bh_familiar_temple
Lair:1:   layout_small_grid, chequers_serial_rivers_room_a, serial_bayou_pond_c
Lair:2:   layout_chaotic_city, swamp_mist_pool, nicolae_lair_lil_pond,
          lemuel_fruit_tree
Lair:3:   layout_roguey, spider_nest_entry_funnel_web, minivault_26,
          grunt_megastairs_1
Lair:4:   layout_small_grid, slime_entry_1, st_stairs_5

Skill      XL: |  1  2  3  4  5  6  7  8  9 10 11 12 |
---------------+-------------------------------------+-----
Spellcasting   | 2 3 6 8 |  8.0
Stealth        | 1 2 3 |  3.0
Fire Magic     | 3 6 7 |  7.0
Fighting       | 5 7 8 10 | 10.5
Dodging        | 2 3 5 |  5.0
Throwing       | 2 |  2.0
Evocations     | 2 5 |  5.0
Summonings     | 3 6 8 10 | 10.0
Ice Magic      | 2 4 |  4.0
Poison Magic   | 5 |  5.0
Short Blades   | |  2.4

Action                     |  1- 3 |  4- 6 |  7- 9 | 10-12 || total
---------------------------+-------+-------+-------+-------++-------
  Melee: Short sword       |    71 |    19 |    10 |       ||   100
         Punch             |       |       |     1 |       ||     1
         Dagger            |       |       |       |    21 ||    21
  Throw: Stone             |    10 |     2 |     4 |       ||    16
         Dart              |       |       |     8 |       ||     8
   Cast: Scorch            |    30 |    53 |   175 |   443 ||   701
         Apportation       |       |       |     1 |       ||     1
         Summon Ice Beast  |       |       |       |    75 ||    75
         Olgreb's Toxic Ra |       |       |       |    20 ||    20
         Call Canine Famil |       |       |       |    10 ||    10
 Invoke: Fiery Armour      |     1 |     2 |     4 |       ||     7
  Evoke: Wand              |       |       |    13 |    13 ||    26
         Box of beasts     |       |       |       |     1 ||     1
         Condenser vane    |       |       |       |     1 ||     1
    Use: Scroll            |       |       |    10 |     6 ||    16
   Stab: Sleeping          |     1 |       |       |       ||     1
 Armour: Robe              |    14 |    18 |    17 |     3 ||    52
         Ring mail         |       |       |       |   115 ||   115
  Dodge: Dodged            |    44 |    38 |    51 |   150 ||   283

Table legend: (Time is in decaauts)
 A = Elapsed time spent in this place.
 B = Non-inter-level travel time spent in this place.
 C = Inter-level travel time spent in this place.
 D = Time resting spent in this place.
 E = Time spent auto-exploring this place.
 F = Levels seen in this place.
 G = Mean time per level.
                   A        B        C        D        E       F      G
               +--------+--------+--------+--------+--------+-----+--------+
         Total |  17844 |  16949 |    895 |   1893 |  12217 |  18 |  991.3 |
       Dungeon |  13454 |  12804 |    650 |   1108 |   9773 |  13 | 1034.9 |
        Temple |    184 |    165 |     19 |      0 |    161 |   1 |  184.0 |
          Lair |   4205 |   3979 |    226 |    785 |   2283 |   4 | 1051.2 |
               +--------+--------+--------+--------+--------+-----+--------+

Top non-repeatable levels by time:
     D:5: 1748 daAuts
  Lair:3: 1509 daAuts
     D:2: 1501 daAuts
     D:1: 1450 daAuts
    D:11: 1391 daAuts
     D:8: 1293 daAuts
  Lair:1: 1142 daAuts
    D:10: 1116 daAuts
  Lair:2: 1111 daAuts
     D:6: 1088 daAuts
     D:4: 1064 daAuts
     D:7: 1014 daAuts
     D:3: 896 daAuts
     D:9: 773 daAuts
  Lair:4: 441 daAuts
